 Dungeon Crawl Stone Soup version 0.14-a0-1773-ge500af7 (webtiles) character file.

3062 Mitsuki the Cleaver (level 9, -2/76 (84) HPs)
             Began as a Deep Dwarf Fighter on Jan 6, 2014.
             Was a Believer of Makhleb.
             Slain by an orc
             ... wielding a +1,+2 orcish trident
              (4 damage)
             ... in a bailey.
             The game lasted 00:33:48 (6096 turns).

Mitsuki the Cleaver (Deep Dwarf Fighter)            Turns: 6096, Time: 00:33:48

HP  -2/76 (84)   AC 13     Str 18 (21) XL: 9   Next: 43%
MP   5/6         EV  7     Int  9 (10) God: Makhleb [**....]
Gold 266         SH 21     Dex 18      Spells:  0 memorised,  8 levels left

rFire  . . .     SeeInvis .     A - +0,+1 dwarf hand axe
rCold  . . .     Clarity  .     k - +2 ring mail of Good Intentions {Str-1 Dex+4}
rNeg   . . .     Conserve .     c - +0 dwarf shield
rPois  +         rCorr    .     (helmet restricted)
rElec  .         rRot     .     j - +2 cloak
SustAb . .       Spirit   .     (no gloves)
rMut   .         Warding  .     w - +0 pair of elf boots (curse)
Saprov . . .     Stasis   .     (no amulet)
                                (no ring)
                                e - ring of poison resistance

@: non-regenerating, somewhat resistant to hostile enchantments, unstealthy
A: damage resistance, recharge devices, antennae 1, agile 1, deterioration 1,
sense surroundings 2, slow healing 3
a: Device Recharging, Minor Destruction, Renounce Religion


You were in a bailey.
You worshipped Makhleb.
Makhleb was pleased with you.
You were hungry.

You visited 2 branches of the dungeon, and saw 9 of its levels.
You also visited: Bailey.

You collected 536 gold pieces.
You spent 270 gold pieces at shops.

Inventory:

Hand weapons
 A - a +0,+1 dwarven hand axe (weapon)
Armour
 b - a +0 dwarven scale mail
 c - a +0 dwarven shield (worn)
 j - a +2 cloak (worn)
 k - the +2 ring mail of Good Intentions (worn) {Str-1 Dex+4}
   (You bought it in a shop on level 5 of the Dungeon)

   It affects your strength (-1).
   It affects your dexterity (+4).
 w - a cursed +0 pair of elven boots (worn)
Magical devices
 d - a wand of heal wounds (4)
Comestibles
 a - 3 chunks of orc flesh
 f - 6 bread rations
 h - 2 meat rations
 v - 2 rotting chunks of orc flesh
 z - 3 rotting chunks of giant frog flesh
Scrolls
 g - 7 scrolls of identify
 i - a scroll of noise
 m - a scroll of blinking {unknown}
 n - a scroll of enchant weapon I
 o - 3 scrolls of recharging {unknown}
 p - a scroll of remove curse
 q - a scroll of enchant weapon II
 r - 2 scrolls of teleportation {unknown}
 t - a scroll of curse armour {unknown}
 u - a scroll of fear {unknown}
 y - a scroll of enchant armour {unknown}
Jewellery
 e - a ring of poison resistance (left hand)
Potions
 x - a potion of curing
Books
 l - a Grand Grimoire {highlevel}

   This book is beyond your current level of understanding.

   Spells                             Type                      Level
   Demonic Horde                      Summoning                    6
   Mass Abjuration                    Summoning                    6
   Haunt                              Necromancy/Summoning         7
   Summon Greater Demon               Summoning                    7
   Malign Gateway                     Summoning/Translocation      7
   Summon Horrible Things             Summoning                    8


   Skills:
 - Level 6.3 Fighting
 - Level 9.6 Axes
 - Level 8.8 Armour
 - Level 3.2 Shields
 + Level 1.0 Invocations


You had 8 spell levels left.
You didn't know any spells.

Dungeon Overview and Level Annotations

Branches:
Dungeon (8/16)             Temple (1/1) D:6
   Lair: D:8-11

Altars:
Ashenzari
Cheibriados
Elyvilon
Fedhas
Kikubaaqudgha
Makhleb
Nemelex Xobeh
Okawaru
Sif Muna
Trog
Vehumet
Xom
Yredelemnul
Zin
the Shining One

Shops:
D:5 [*[:=


Innate Abilities, Weirdness & Mutations

You are resistant to damage.
You can recharge devices by infusing magical energy.
You passively map the area around you.
You do not heal naturally.
You have a pair of small antennae on your head.
You are agile. (Dex +2)
Your body is slowly deteriorating.


Message History

You slash the orc!
You kill the orc!
Makhleb accepts your kill.
You barely miss the orc warrior.
The orc warrior is lightly wounded.
The orc barely misses you. The orc closely misses you.
The orc warrior hits you from afar with an orcish glaive.
* * * LOW HITPOINT WARNING * * *
You block the orc's attack. The orc barely misses you.
You block the orc's attack.
You smell decay.
Yuck! (slots v and z)
You block the orc's attack.
The orc warrior hits you with an orcish halberd.
* * * LOW HITPOINT WARNING * * *
The orc hits you but does no damage.
The orc warrior hits you with an orcish halberd.
* * * LOW HITPOINT WARNING * * *
The orc hits you but does no damage. The orc warrior closely misses you.
The orc hits you with an orcish trident.
You die... #.......# ##.....## ###'### #...# #...# #...# #...# ###)### #oo@oo#

#.oooo..#
#...o...#
#.......#
#.......#
#.......#
##.....##
##+++## ,


You could see 3 orc warriors and 6 orcs.

Vanquished Creatures
  Grinder (D:6)
  A spriggan (D:7)
  An ice beast (D:6)
  A black bear (D:6)
  2 sky beasts
  4 ogres
  3 centaurs
  A giant frog (D:8)
  Duvessa (D:6)
  Dowan (D:6)
  4 crimson imps
  2 hounds (D:6)
  A jelly (D:6)
  Crazy Yiuf (D:2)
  5 orc wizards
  A scorpion (D:8)
  An orc priest (D:6)
  4 worker ants
  2 iguanas
  A hound skeleton (D:6)
  9 gnolls
  A giant mite (D:6)
  10 adders
  A worm (D:2)
  An iguana skeleton (D:6)
  2 giant geckos
  3 oozes
  29 orcs
  11 bats
  2 giant cockroaches (D:1)
  15 hobgoblins
  11 jackals
  4 ball pythons
  A giant gecko skeleton (D:7)
  5 giant newts
  10 goblins
  A hobgoblin skeleton (D:4)
  11 kobolds
  2 kobold skeletons (D:5)
  2 orc zombies
  2 quokkas
  18 rats
  5 ballistomycetes (D:6)
  A bush (D:4)
195 creatures vanquished.

Vanquished Creatures (others)
  3 giant spores
3 creatures vanquished.

Grand Total: 198 creatures vanquished

Notes
Turn   | Place    | Note
--------------------------------------------------------------
     0 | D:1      | Mitsuki, the Deep Dwarf Fighter, began the quest for the Orb.
     0 | D:1      | Reached XP level 1. HP: 20/20 MP: 1/1
    62 | D:1      | Reached XP level 2. HP: 27/27 MP: 2/2
   525 | D:1      | Reached XP level 3. HP: 27/34 MP: 3/3
   574 | D:1      | Reached skill level 4 in Armour
   754 | D:2      | Noticed Crazy Yiuf
   766 | D:2      | Killed Crazy Yiuf
  1013 | D:2      | Reached XP level 4. HP: 35/42 MP: 4/4
  1059 | D:2      | Found a glowing golden altar of the Shining One.
  1217 | D:2      | Found a glowing silver altar of Zin.
  1217 | D:2      | Found a white marble altar of Elyvilon.
  1841 | D:3      | Reached XP level 5. HP: 47/49 MP: 5/5
  2272 | D:4      | Found a bloodstained altar of Trog.
  2274 | D:4      | Found a shimmering altar of Xom.
  2281 | D:4      | Found a snail-covered altar of Cheibriados.
  2284 | D:4      | Found a deep blue altar of Sif Muna.
  2287 | D:4      | Found a radiant altar of Vehumet.
  2307 | D:4      | Found a sparkling altar of Nemelex Xobeh.
  2501 | D:4      | Noticed a sky beast
  2529 | D:4      | Killed a sky beast
  2529 | D:4      | Reached skill level 5 in Armour
  2559 | D:4      | Noticed an ogre
  2570 | D:4      | Reached XP level 6. HP: 47/57 MP: 6/6
  2579 | D:4      | Killed an ogre
  2589 | D:4      | Paralysed by a potion of paralysis for 3 turns
  3398 | D:5      | Entered Level 5 of the Dungeon
  3414 | D:5      | Reached skill level 5 in Axes
  3428 | D:5      | Found Thothog's Antique Armour Shoppe.
  3430 | D:5      | Found Oriana's Book Shop.
  3452 | D:5      | Reached skill level 6 in Armour
  3473 | D:5      | Found Froafiopt's Jewellery Shop.
  3527 | D:5      | Reached XP level 7. HP: 43/66 MP: 7/7
  3712 | D:5      | Found Peymamas' General Store.
  3905 | D:5      | Found Lairr's Antique Armour Shoppe.
  3910 | D:5      | Bought a dazzling ring mail for 270 gold pieces
  3924 | D:5      | Identified the cursed +2 ring mail of Good Intentions {Str-1 Dex+4} (You bought it in a shop on level 5 of the Dungeon)
  4087 | D:6      | Noticed Grinder
  4097 | D:6      | HP: 3/66 [Grinder/nerve-wracking pain (8)]
  4113 | D:6      | Killed Grinder
  4113 | D:6      | Reached skill level 5 in Fighting
  4113 | D:6      | Reached skill level 7 in Armour
  4113 | D:6      | Reached XP level 8. HP: 19/74 MP: 7/7
  4142 | D:6      | Found a staircase to the Ecumenical Temple.
  4152 | D:6      | Gained mutation: You are agile. (Dex +2) [potion of mutation]
  4152 | D:6      | Gained mutation: Your body is slowly deteriorating. [potion of mutation]
  4152 | D:6      | Gained mutation: You have a pair of small antennae on your head. [potion of mutation]
  4200 | D:6      | Paralysed by a potion of paralysis for 6 turns
  4212 | Temple   | Entered the Ecumenical Temple
  4265 | Temple   | Became a worshipper of Makhleb the Destroyer
  4481 | D:6      | Noticed Duvessa
  4485 | D:6      | Noticed Dowan
  4506 | D:6      | Killed Duvessa
  4519 | D:6      | Killed Dowan
  4572 | D:6      | Reached skill level 8 in Axes
  4880 | D:6      | Acquired Makhleb's first power
  4921 | D:6      | Gained mutation: You passively map the area around you. [level up]
  4921 | D:6      | Reached XP level 9. HP: 43/74 MP: 7/7
  5291 | D:7      | Reached skill level 9 in Axes
  5867 | D:8      | Acquired Makhleb's second power
  5988 | D:8      | Found a flagged portal.
  6008 | Bailey   | Entered a bailey
  6092 | Bailey   | Reached skill level 1 in Invocations
  6096 | Bailey   | HP: 2/76 [orc warrior/orcish halberd (5)]
  6096 | Bailey   | Slain by an orc

Action                   |  1- 3 |  4- 6 |  7- 9 || total
-------------------------+-------+-------+-------++-------
Melee: Hand axe          |   101 |   344 |   473 ||   918
 Abil: Device Recharging |       |       |     4 ||     4
Evoke: Wand              |     1 |     3 |    10 ||    14
  Use: Scroll            |     5 |       |     4 ||     9
       Potion            |     2 |     6 |     6 ||    14
 Stab: Sleeping          |       |       |     1 ||     1
